 Dungeon Crawl Stone Soup version 0.27-a0-1189-gb8eb6cee8e (webtiles) character file.

Game seed: 13002489311753513864

1634319 exoticbruise the Conqueror (level 27, 224/224 HPs)
             Began as an Octopode Delver on May 23, 2021.
             Was a High Priest of Okawaru.
             Escaped with the Orb
             ... and 3 runes!
             The game lasted 01:38:32 (77258 turns).

exoticbruise the Conqueror (Octopode Delver)       Turns: 77258, Time: 01:38:33

Health: 224/224    AC:  9    Str: 26    XL:     27
Magic:  44/44      EV: 29    Int: 25    God:    Okawaru [*****.]
Gold:   2808       SH: 18    Dex: 17    Spells: 21/42 levels left

rFire    + + .     SeeInvis +   k - +8 broad axe of Tenacity {holy, rC+ Will+ Int+2}
rCold    + + .     Faith    .   i - +5 kite shield {rF+}
rNeg     + . .     Spirit   .   q - +2 hat {Will+}
rPois    +         Reflect  .   W - amulet of regeneration
rElec    .         Harm     .   j - +6 ring of strength
rCorr    .         Rampage  .   f - +4 ring of slaying
Will     +++++                  F - ring of see invisible
Stlth    ++........             o - +4 ring of protection
HPRegen  1.47/turn              G - ring of protection from fire
MPRegen  0.29/turn              V - ring "Negobr Tita" {rN+ Will+ MP+9 Str+6}
                                c - ring "Tiuxt" {rPois rC+ Int+4}
                                u - +4 ring of evasion

@: hasted, studying Maces & Flails, very quick
A: almost no armour, amphibious, 8 rings, camouflage 1, gelatinous body 1,
(nimble swimmer 1), tentacles, strong-willed 1, sense surroundings 1, shaggy fur
2
0: Orb of Zot
}: 3/15 runes: decaying, serpentine, silver
a: Renounce Religion, Heroism, Finesse


You escaped.
You worshipped Okawaru.
Okawaru was extremely pleased with you.
You visited 10 branches of the dungeon, and saw 50 of its levels.
You also visited: Bailey, Volcano and Wizlab.

You collected 7088 gold pieces.
You spent 4280 gold pieces at shops.

Inventory:

Hand Weapons
 k - the +8 broad axe of Tenacity (weapon) {holy, rC+ Will+ Int+2}
   (Okawaru gifted it to you on level 5 of the Depths)

   It has been blessed by the Shining One to cause great damage to the undead
   and demons.
   It affects your intelligence (+2).
   It protects you from cold.
   It increases your willpower.
 H - a +9 vorpal broad axe
 X - a +4 antimagic broad axe
 Z - a +1 vampiric broad axe
Missiles
 M - 4 throwing nets {!f}
 Y - 15 curare-tipped darts (quivered)
Armour
 i - a +5 kite shield of fire resistance (worn)
 q - a +2 hat of willpower (worn)
Jewellery
 c - the ring "Tiuxt" (on tentacle) {rPois rC+ Int+4}
   (You found it on level 14 of the Dungeon)

   [ring of protection from cold]

   It affects your intelligence (+4).
   It protects you from cold.
   It protects you from poison.
 f - a +4 ring of slaying (right tentacle)
 h - a ring of wizardry
 j - a +6 ring of strength (left tentacle)
 o - a +4 ring of protection (on tentacle)
 u - a +4 ring of evasion (on tentacle)
 x - a ring of protection from fire
 z - the ring of Rery {rCorr Str+4 Int+4 Dex+2}
   (You acquired it on level 5 of the Vaults)

   [ring of resist corrosion]

   It affects your strength (+4).
   It affects your intelligence (+4).
   It affects your dexterity (+2).
   It protects you from acid and corrosion.
 A - an amulet of reflection
 C - the ring of Fafoz {rF+ rC+++ MP+9 Dex-4 Stlth-}
   (You found it on level 3 of the Lair of Beasts)

   [ring of magical power]

   It affects your dexterity (-4).
   It protects you from fire.
   It renders you almost immune to cold.
   It affects your magic capacity (+9).
   It makes you less stealthy.
 D - a +6 ring of dexterity
 E - a +4 ring of evasion
 F - a ring of see invisible (on tentacle)
 G - a ring of protection from fire (on tentacle)
 V - the ring "Negobr Tita" (on tentacle) {rN+ Will+ MP+9 Str+6}
   (You found it on level 1 of the Depths)

   [ring of magical power]

   It affects your strength (+6).
   It protects you from negative energy.
   It affects your magic capacity (+9).
   It increases your willpower.
 W - an amulet of regeneration (around mantle)
Wands
 n - a wand of charming (14)
 s - a wand of iceblast (21) {@v2}
 t - a wand of paralysis (13)
 w - a wand of digging (12) {@v3}
 J - a wand of acid (2) {@v1}
Scrolls
 a - 24 scrolls of identify {@r1}
 b - 10 scrolls of fog
 d - 2 scrolls of holy word
 m - 10 scrolls of teleportation {@r3}
 K - a scroll of summoning
 L - 3 scrolls of blinking {@r4}
 N - 7 scrolls of fear
 U - 3 scrolls of silence
Potions
 e - 9 potions of haste {@q4}
 g - 4 potions of invisibility
 l - 13 potions of curing {@q1}
 p - 7 potions of magic
 r - 4 potions of cancellation
 v - 8 potions of heal wounds {@q2}
 I - 4 potions of mutation
 P - 6 potions of lignification
 Q - 7 potions of ambrosia
 R - 3 potions of resistance {@q5}
 S - 10 potions of might {@q3}
Miscellaneous
 y - a condenser vane
 B - a phial of floods
 O - a box of beasts
 T - a phantom mirror


   Skills:
 O Level 27 Fighting
 - Level 2.4 Short Blades
 - Level 14.0 Axes
 + Level 20.3 Dodging
 - Level 6.6 Stealth
 - Level 10.0 Shields
 - Level 8.0 Spellcasting
 - Level 10.1 Conjurations
 - Level 4.0 Translocations
 - Level 13.0 Transmutations
 - Level 11.0 Earth Magic
 - Level 9.0 Invocations
 * Level 24.0 Evocations


You had 21 spell levels left.
You knew the following spells:

 Your Spells              Type           Power      Damage    Failure   Level
a - Passwall              Tmut/Erth      52%        N/A       1%          2
b - Lee's Rapid Deconstr  Erth           30%        3d17*     3%          5
c - Blink                 Tloc           N/A        N/A       3%          2
d - Sting                 Tmut/Pois      100%       1d8       1%          1
e - Statue Form           Tmut/Erth      42%        N/A       13%         6
f - Irradiate             Conj/Tmut      30%        3d23      2%          5

Your spell library contained the following spells:

 Spells                   Type           Power      Damage    Failure   Level
 Beastly Appendage        Tmut           100%       N/A       1%          1
 Magic Dart               Conj           100%       1d8       1%          1
 Sandblast                Erth           100%       2d20      1%          1
 Wereblood                Tmut           66%        N/A       1%          2
 Stone Arrow              Conj/Erth      100%       3d13      1%          3
 Petrify                  Tmut/Erth      63%        N/A       1%          4
 Hydra Form               Tmut           33%        N/A       1%          5
 Static Discharge         Conj/Air       35%        N/A       2%          2
 Spider Form              Tmut/Pois      21%        N/A       2%          3
 Conjure Flame            Conj/Fire      35%        6-21      4%          3
 Dazzling Flash           Conj/Hex       70%        N/A       4%          3
 Ignite Poison            Fire/Tmut/Pois 31%        N/A       6%          3
 Gell's Gravitas          Tloc           15%        N/A       7%          3
 Lesser Beckoning         Tloc           15%        N/A       7%          3
 Teleport Other           Tloc           30%        N/A       7%          3
 Ice Form                 Ice/Tmut       42%        N/A       8%          4
 Mephitic Cloud           Conj/Pois/Air  26%        N/A       9%          3
 Blade Hands              Tmut           33%        N/A       9%          6
 Corona                   Hex            11%        N/A       12%         1
 Summon Small Mammal      Summ           40%        N/A       12%         1
 Leda's Liquefaction      Hex/Erth       18%        N/A       12%         4
 Portal Projectile        Hex/Tloc       40%        N/A       16%         3
 Call Imp                 Summ           10%        N/A       17%         2
 Corpse Rot               Necr/Air       N/A        N/A       17%         2
 Ensorcelled Hibernation  Hex/Ice        20%        N/A       17%         2
 Poisonous Vapours        Pois/Air       20%        N/A       17%         2
 Slow                     Hex            10%        N/A       17%         2
 Sublimation of Blood     Necr           5%         N/A       17%         2
 Bolt of Magma            Conj/Fire/Erth 22%        4d11      19%         5
 Iron Shot                Conj/Erth      29%        9d6       22%         6
 Borgnjor's Vile Clutch   Necr/Erth      18%        N/A       32%         5
 Call Canine Familiar     Summ           10%        N/A       34%         3
 Confusing Touch          Hex            10%        N/A       34%         3
 Inner Flame              Hex/Fire       10%        N/A       34%         3
 Summon Guardian Golem    Hex/Summ       10%        N/A       34%         3
 Tukima's Dance           Hex            10%        N/A       34%         3
 Lightning Bolt           Conj/Air       17%        1d32      36%         5
 Dragon Form              Tmut           33%        N/A       43%         7
 Manifold Assault         Tloc           30%        N/A       52%         5
 Animate Dead             Necr           5%         N/A       75%         4
 Cause Fear               Hex            5%         N/A       75%         4
 Dispel Undead            Necr           10%        3d9       75%         4
 Olgreb's Toxic Radiance  Pois           10%        N/A       75%         4
 Summon Ice Beast         Ice/Summ       10%        N/A       75%         4
 Summon Lightning Spire   Summ/Air       10%        N/A       75%         4
 Conjure Ball Lightning   Conj/Air       17%        3x3d6     91%         6
 Agony                    Necr           10%        N/A       97%         5
 Excruciating Wounds      Necr           5%         N/A       97%         5
 Silence                  Hex/Air        5%         N/A       97%         5
 Freezing Cloud           Conj/Ice/Air   13%        6-21      99%         6
 Death Channel            Necr           5%         N/A       100%        6
 Simulacrum               Ice/Necr       5%         N/A       100%        6
 Ozocubu's Refrigeration  Ice            5%         4d6       100%        7
 Spellforged Servitor     Conj/Summ      17%        N/A       100%        7
 Summon Hydra             Summ           5%         N/A       100%        7
 Ignition                 Fire           5%         3d4       100%        8
 Shatter                  Erth           30%        3d25*     100%        9
 Tornado                  Air            5%         N/A       100%        9
 Animate Armour           Summ/Erth      Unusable   N/A       N/A         4

Dungeon Overview and Level Annotations

Branches:
Dungeon (15/15)            Temple (1/1) D:6            Lair (6/6) D:11
  Swamp (4/4) Lair:4        Snake (4/4) Lair:4        Slime (0/5) Lair:6
    Orc (2/2) D:9             Elf (3/3) Orc:2        Vaults (5/5) D:14
  Crypt (0/3) Vaults:2     Depths (5/5) D:15            Zot (5/5) Depths:5
 Bailey (visited)         Volcano (visited)          WizLab (visited)

Altars:
Ashenzari
Cheibriados
Dithmenos
Elyvilon
Fedhas
Gozag
Hepliaklqana
Kikubaaqudgha
Makhleb
Nemelex Xobeh
Okawaru
Qazlal
Ru
Sif Muna
Trog
Uskayaw
Vehumet
Wu Jian
Xom
Yredelemnul
Zin
The Shining One
Beogh
Jiyva

Shops:
D:5 (   D:15 *   Orc:2 [?:?   Elf:2 (   Elf:3 *   Snake:3 (*!:   Vaults:3 *

Portals:
Hell: Depths:1 Depths:2 Depths:3 Depths:4 Depths:5
Abyss: Depths:3 Depths:4
Pandemonium: Depths:1 Depths:3 Depths:4 Depths:5
Ziggurat: Depths:4

Annotations:
Lair:5 exclusion: 3 oklob plants
Elf:2 3 runed translucent doors
Vaults:4 2 runed translucent doors, Tetudagra's ghost, adept DgGl; rayg00n's ghost, adept SpBr
Zot:5 29 runed doors


Innate Abilities, Weirdness & Mutations

You cannot wear most types of armour.
You are amphibious.
You can wear up to eight rings at the same time.
Your skin changes colour to match your surroundings (Stealth+).
Your rubbery body absorbs attacks. (AC +1, EV +1)
((You are camouflaged near water. (Stealth+)))
You have tentacles for arms and can constrict up to eight enemies at once.
You are strong-willed. (Will+)
You passively map a small area around you.
You are covered in thick fur. (AC +2)


Message History

(D) Dungeon (T) Temple (L) Lair (S) Swamp (P) Snake Pit (M) Slime Pits (O) Orcish Mines (E) Elven Halls (V) Vaults (C) Crypt (U) Depths (H) Hell (Z) Zot
Where to? (Enter - D:1, ? - help)
You revert to your normal fleshy form.
You feel like a meek peon again.
Your tentacles slow down.
Magic restored.
There is a stone staircase leading up here.
You climb upwards.
There is a stone staircase leading down here.
There is an open door here.
HP restored.
There is an open door here.
There is a stone staircase leading up here.
You climb upwards.
There is a stone staircase leading down here.
There is a stone staircase leading up here.
You climb upwards.
There is a stone staircase leading down here.
There is a stone staircase leading up here.
There is a stone staircase leading up here.
You climb upwards.
There is a stone staircase leading down here.
There is a stone staircase leading up here.
There is a stone staircase leading up here.
You climb upwards.
There is a stone staircase leading down here.
There is a stone staircase leading up here.
You climb upwards.
There is a stone staircase leading down here.
A red devil comes into view. It is wielding a +0 trident.
The red devil moves out of view.
You feel yourself speed up.
There is an open door here.
There is a staircase leading out of the dungeon here.
Char dumped successfully.
Unknown command.
You have escaped!

#..........# #.# #.##
##.##.###### #.# #...
##.##.############ #.# ####
##.##............# ##.##
#..#############.#
#(#.########## #.## #####
### ####.#........ #.#
#...##########.##.#######
#.# #.8.##.....##.###.# #.#
#...##(.@..##.# #.# #.#
#...##.....##.# #.# #.#
#.≈.##..(..##.# #.# #.#
#.≈..'.....##.# #.#
#.#######.≈.##.....##.# #.#
..#.....#.≈.##.....##.###.#
..#.###.#...##.....###.##.#
....#
#.....#########.###.#######
#.#.###.######## ####
#........


There were no monsters in sight!

Vanquished Creatures
  A pandemonium lord (Zot:1)
  A dread lich (Zot:5)
  5 orbs of fire
  5 ancient liches
  Mennas (Vaults:5)
  Frederick (Depths:5)
  2 curse toes
  6 Killer Klowns (Zot:5)
  A caustic shrike (Depths:3)
  5 golden dragons
  the Enchantress (Depths:3)
  2 bone dragons
  A Tzitzimitl (D:9)
  5 tentacled monstrosities
  A hellephant (Depths:4)
  Asterion (Snake:2)
  An Ice Fiend (D:10)
  24 Orb Guardians
  2 liches
  4 titans (Vaults:5)
  2 deep elf master archers (Elf:3)
  10 tentacled starspawn (WizLab)
  4 sphinxes
  A death cob (Zot:3)
  Donald (Swamp:2)
  9 storm dragons
  A thorn hunter (Swamp:4)
  14 tengu reavers
  Roxanne (Swamp:4)
  Kirke (Lair:6)
  8 nagarajas
  9 shadow dragons
  2 draconian monks
  An iron dragon (Depths:5)
  5 fire giants
  7 deep elf sorcerers
  A draconian knight (Depths:5)
  An orc warlord (Vaults:4)
  13 frost giants
  27 vault wardens
  A daeva (D:7)
  2 balrugs
  A draconian scorcher (Zot:1)
  3 deep elf elementalists
  A cacodemon (WizLab)
  A draconian stormcaller (Zot:2)
  A caustic shrike zombie (Depths:2)
  Aizul (Elf:1)
  A juggernaut zombie (Depths:2)
  8 spriggan defenders
  31 ironbound preservers
  2 draconian annihilators (Zot:3)
  A blood saint (D:13)
  6 vampire knights
  2 war gargoyles (WizLab)
  20 stone giants
  6 deep elf demonologists
  3 green draconians
  A juggernaut skeleton (Depths:3)
  25 very ugly things
  3 white draconians
  9 deep elf annihilators
  5 red draconians
  A black sun (D:13)
  8 dire elephants
  4 spark wasps
  3 black draconians
  3 entropy weavers
  2 bunyips
  A bunyip (shapeshifter) (Depths:3)
  9 yellow draconians
  8 purple draconians
  A green death (Zot:2)
  2 blizzard demons
  3 eleionomae
  8 ettins
  A crystal guardian (WizLab)
  9 fire dragons
  4 jiangshi
  6 deep elf high priests
  4 shambling mangroves
  15 yaktaur captains
  8 deep elf death magi
  A great orb of eyes (shapeshifter) (Vaults:3)
  2 salamander tyrants (Snake:4)
  10 great orbs of eyes
  9 ice dragons
  9 boulder beetles
  13 ogre magi
  28 hydras
  3 spriggan air magi
  2 catoblepae (Lair:6)
  10 ironbound thunderhulks
  14 naga warriors
  41 vault guards
  14 centaur warriors
  2 hell beasts
  11 dancing weapons
  7 anacondas
  11 alligators
  7 tengu warriors
  18 death yaks
  3 ironbound frosthearts
  18 two-headed ogres
  10 hell hogs (Depths:4)
  11 deep troll earth magi
  6 spriggan berserkers
  3 vampire magi
  An orc high priest (Elf:2)
  5 deep troll shamans
  Urug (D:14)
  26 hell knights
  12 shock serpents
  7 ironbound beastmasters
  Nergalle (Lair:3)
  17 deep elf knights
  A titan zombie (Depths:3)
  2 soul eaters
  12 naga sharpshooters
  3 sun demons
  A golden dragon zombie (Depths:3)
  A wretched star (WizLab)
  4 iron trolls
  2 fire crabs (shapeshifter)
  2 sixfirhies (Depths:1)
  7 salamander mystics
  12 skeletal warriors (D:15)
  A storm dragon skeleton (D:15)
  A sea snake (shapeshifter) (Vaults:4)
  7 naga ritualists
  An orange crystal statue (WizLab)
  78 deep trolls
  4 goliath frogs
  5 spriggan druids
  13 deep elf archers
  11 glowing orange brains
  26 ironbound convokers
  4 flayed ghosts
  15 swamp dragons
  3 gelid demonspawn
  An obsidian statue (Zot:5)
  3 lindwurms (Vaults:1)
  19 necromancers
  6 phantasmal warriors
  13 wizards
  3 orc knights
  9 bog bodies
  A mana viper (shapeshifter) (Vaults:5)
  15 deep elf zephyrmancers
  12 harpies (Vaults:3)
  A lindwurm (shapeshifter) (Vaults:2)
  32 deep elf pyromancers
  2 fire giant zombies
  10 cyclopes
  An oklob plant (Lair:5)
  4 mana vipers
  A glowing shapeshifter (Depths:4)
  56 ugly things
  An iron dragon zombie (D:15)
  4 moths of wrath
  12 salamanders
  A manticore (shapeshifter) (D:10)
  3 will-o-the-wisps
  3 orc sorcerers
  2 human zombies (Vaults:2)
  2 manticores
  The ghost of celly00 the Magician, a novice DESu of Kikubaaqudgha (D:7)
  2 frost giant skeletons (Depths:3)
  21 vault sentinels
  2 guardian serpents
  A water nymph (shapeshifter) (Vaults:5)
  The ghost of anet the Magician, a novice DECj (D:6)
  23 naga magi
  3 torpor snails
  3 eyes of devastation (WizLab)
  32 black mambas
  20 elephants
  5 spriggan zombies
  8 apocalypse crabs (Depths:2)
  3 orange demons
  2 torpor snails (shapeshifter)
  A gargoyle (D:12)
  6 cane toads
  2 smoke demons
  Maggie (D:9)
  2 kobold demonologists (D:12)
  54 yaktaurs
  Psyche (D:8)
  2 rime drakes
  2 efreet
  2 tormentors
  11 komodo dragons
  A yaktaur zombie (Vaults:2)
  3 hellwings
  2 tengu conjurers
  A golden dragon simulacrum (Depths:3)
  A red devil (D:9)
  3 ice devils
  A troll (shapeshifter) (D:10)
  A jumping spider (shapeshifter) (D:14)
  3 tyrant leeches
  4 polar bears
  4 trolls
  27 hornets
  A tengu simulacrum (Depths:3)
  15 blink frogs
  A frost giant simulacrum (Depths:2)
  39 slime creatures
  8 dream sheep
  A centaur simulacrum (D:15)
  2 elf skeletons
  9 water elementals
  4 redbacks (Vaults:4)
  33 spriggans
  2 shadows
  A vampire (D:11)
  4 wyverns
  38 yaks
  5 air elementals
  3 fire elementals
  A ynoxinul (Depths:3)
  Eustachio (D:5)
  16 humans (D:14)
  A human (shapeshifter) (Depths:5)
  2 basilisks
  2 hogs (Lair:6)
  2 chaos spawn
  2 neqoxecs
  Grum (D:8)
  2 steam dragons (D:8)
  17 vampire mosquitoes
  An elf simulacrum (Depths:3)
  20 swamp worms
  A naga (shapeshifter) (D:13)
  45 nagas
  3 acid dragons
  17 water moccasins
  A human skeleton (Depths:2)
  A floating eye (Depths:1)
  12 swamp drakes
  2 sky beasts
  4 black bears
  15 orc warriors
  5 starcursed masses (WizLab)
  A necrophage (D:5)
  29 ogres
  2 boggarts (Elf:1)
  19 centaurs
  24 wolves
  2 phantoms
  13 bullfrogs
  2 kobold brigands
  4 earth elementals
  Dowan (D:6)
  A wyvern skeleton (D:7)
  2 tengu zombies
  9 killer bees
  12 wights
  4 howler monkeys
  An electric eel (Lair:4)
  10 jellies
  7 centaur zombies
  A crimson imp (D:7)
  2 hounds
  Crazy Yiuf (D:5)
  14 orc priests
  A gnoll shaman (D:7)
  Jessica (D:3)
  5 iguanas
  Natasha (thrice) (D:3)
  18 orc wizards
  7 hell rats
  2 human simulacra (D:12)
  A hound zombie (D:5)
  A hound skeleton (D:5)
  A howler monkey zombie (D:8)
  16 gnolls
  8 adders
  2 river rats (D:11)
  A shadow imp (D:6)
  3 white imps
  An ufetubus (D:3)
  2 worms
  3 dart slugs
  74 orcs
  9 ball pythons
  14 bats
  22 endoplasms
  4 giant cockroaches
  12 goblins
  24 hobgoblins
  14 jackals
  7 quokkas
  6 frilled lizards
  25 kobolds
  7 rats
  14 starspawn tentacles (WizLab)
2259 creatures vanquished.

Vanquished Creatures (collateral kills)
  A moon troll (WizLab)
  A titan (Vaults:5)
  A storm dragon (Vaults:5)
  A war gargoyle (Vaults:5)
  A yaktaur captain (Vaults:5)
  An orc knight (Vaults:5)
  2 orc warriors (Vaults:5)
  An orc (Vaults:5)
9 creatures vanquished.

Vanquished Creatures (others)
  A very ugly thing (WizLab)
  A stone giant (Depths:1)
  A hell hog (Depths:4)
  A necromancer (Depths:5)
  A wizard (Elf:1)
  A deep elf pyromancer (Elf:3)
  2 bloated husks
  A hornet (Depths:5)
  A spriggan (Depths:5)
  3 humans (Lair:6)
  A swamp drake (Swamp:4)
  A frilled lizard (D:6)
  165 bushes (Depths:4)
  7 demonic plants (WizLab)
  6 foxfires
  24 fungi
  97 plants
  11 starspawn tentacles (WizLab)
  6 withered plants (D:15)
331 creatures vanquished.

Grand Total: 2599 creatures vanquished

Notes
Turn   | Place    | Note
-------+----------+-------------------------------------------
     0 | D:5      | exoticbruise the Octopode Delver began the quest for the
                  | Orb.
     0 | D:5      | Reached XP level 1. HP: 16/16 MP: 1/1
    47 | D:3      | Noticed Jessica
    59 | D:3      | Reached XP level 2. HP: 15/21 MP: 2/2
   142 | D:3      | Killed Jessica
   143 | D:3      | Reached skill level 4 in Fighting
   143 | D:3      | Reached XP level 3. HP: 27/27 MP: 3/3
   209 | D:3      | Reached XP level 4. HP: 29/33 MP: 4/4
   372 | D:2      | Found a white marble altar of Elyvilon.
  1427 | D:1      | Reached XP level 5. HP: 35/38 MP: 5/5
  1627 | D:1      | Found a faded altar of an unknown god.
  1922 | D:1      | Reached skill level 5 in Fighting
  2510 | D:3      | Noticed Natasha
  2523 | D:3      | Killed Natasha
  2942 | D:3      | Noticed Natasha
  2951 | D:3      | Killed Natasha
  2952 | D:3      | Reached XP level 6. HP: 36/45 MP: 6/6
  3154 | D:3      | Noticed Natasha
  3162 | D:3      | Killed Natasha
  3531 | D:4      | Found a burning altar of Makhleb.
  3541 | D:4      | Reached skill level 1 in Evocations
  4399 | D:5      | Reached skill level 6 in Fighting
  4399 | D:5      | Reached XP level 7. HP: 47/52 MP: 7/7
  4966 | D:5      | Noticed Eustachio
  4982 | D:5      | Killed Eustachio
  4983 | D:5      | Reached skill level 5 in Dodging
  4983 | D:5      | Reached XP level 8. HP: 30/58 MP: 4/8
  5186 | D:5      | Found Feith's Antique Weapon Boutique.
  5216 | D:5      | Found a runed translucent door.
  5217 | D:5      | Noticed Crazy Yiuf
  5223 | D:5      | Killed Crazy Yiuf
  5338 | D:5      | Reached skill level 5 in Evocations
  5832 | D:6      | Reached skill level 7 in Fighting
  5947 | D:6      | Found a staircase to the Ecumenical Temple.
  6002 | Temple   | Entered the Ecumenical Temple
  6124 | Temple   | Became a worshipper of Warmaster Okawaru
  6284 | D:6      | Noticed Duvessa
  6284 | D:6      | Noticed Dowan
  6285 | D:6      | Noticed Duvessa
  6285 | D:6      | Duvessa changed into Duvessa the frilled lizard
  6296 | D:6      | Killed Duvessa the frilled lizard
  6297 | D:6      | Killed Dowan
  6846 | D:6      | Found a runed translucent door.
  6873 | D:6      | Noticed anet's ghost (novice DECj)
  7022 | D:5      | Bought a runed broad axe for 196 gold pieces
  7050 | D:7      | Found a runed translucent gate.
  7050 | D:7      | Found a runed translucent gate.
  7051 | D:7      | Found a runed translucent gate.
  7053 | D:7      | Noticed celly00's ghost (novice DESu)
  7119 | D:7      | Reached XP level 9. HP: 52/64 MP: 6/9
  7263 | D:7      | Found a shadowy altar of Dithmenos.
  7434 | D:7      | Found a hide-covered altar of Uskayaw.
  7512 | D:7      | Reached * piety under Okawaru
  7603 | D:7      | Found a glowing silver altar of Zin.
  7614 | D:7      | Reached skill level 1 in Invocations
  7795 | D:7      | Reached skill level 8 in Fighting
  8633 | D:8      | Noticed Psyche
  8637 | D:8      | Killed Psyche
  8637 | D:8      | Reached ** piety under Okawaru
  9129 | D:8      | Reached skill level 5 in Invocations
  9686 | D:8      | Reached XP level 10. HP: 48/73 MP: 6/13
  9689 | D:8      | Reached skill level 9 in Fighting
  9692 | D:8      | Noticed Grum
 10044 | D:8      | Reached skill level 1 in Axes
 10648 | D:9      | Found a flagged portal.
 10675 | Bailey   | Entered a bailey
 10969 | Bailey   | Noticed an orc knight
 10985 | Bailey   | Killed an orc knight
 11266 | Bailey   | Reached skill level 10 in Dodging
 11266 | Bailey   | Reached XP level 11. HP: 80/80 MP: 14/14
 11703 | D:9      | Noticed Maggie
 11714 | D:9      | Killed Maggie
 12279 | D:9      | Found a staircase to the Orcish Mines.
 13184 | D:9      | Found a glowing golden altar of the Shining One.
 13602 | D:9      | Identified a scroll of acquirement
 13605 | D:9      | Acquired a +2 kite shield of protection
 13685 | D:10     | Entered Level 10 of the Dungeon
 13696 | D:10     | Found a hazy altar of Hepliaklqana.
 13782 | D:10     | Reached skill level 1 in Shields
 13803 | D:10     | Noticed a yaktaur captain
 13904 | D:8      | Reached skill level 10 in Axes
 13913 | D:8      | Killed Grum
 15048 | D:10     | Noticed a white ugly thing
 15048 | D:10     | Noticed a cyclops
 15048 | D:10     | Noticed an ogre mage
 15048 | D:10     | Noticed a deep elf pyromancer
 15072 | D:11     | Noticed a purple ugly thing
 15077 | D:11     | Killed a purple ugly thing
 15080 | D:11     | Noticed a two-headed ogre
 15094 | D:11     | Found a staircase to the Lair.
 15094 | D:11     | Noticed a death yak
 15095 | D:11     | Noticed a death yak
 15107 | D:11     | Killed a death yak
 15107 | D:11     | Reached *** piety under Okawaru
 15116 | D:11     | Noticed a death yak
 15117 | D:11     | Killed a death yak
 15117 | D:11     | Reached **** piety under Okawaru
 15117 | D:11     | Killed a death yak
 15118 | D:11     | Reached XP level 12. HP: 54/86 MP: 15/15
 15338 | D:11     | Killed a two-headed ogre
 15701 | D:11     | Reached ***** piety under Okawaru
 16153 | D:12     | Noticed a boulder beetle
 16164 | D:12     | Killed a boulder beetle
 16901 | D:12     | Received a gift from Okawaru
 16913 | D:12     | Noticed a soul eater
 17172 | D:12     | Noticed a two-headed ogre
 17186 | D:12     | Killed a two-headed ogre
 17777 | D:13     | Reached XP level 13. HP: 69/90 MP: 16/16
 17989 | D:13     | Reached skill level 10 in Shields
 18773 | D:13     | Acquired a ring of protection from fire
 19124 | D:13     | Received a gift from Okawaru
 19309 | Lair:1   | Entered Level 1 of the Lair of Beasts
 19825 | Lair:1   | Reached skill level 10 in Fighting
 21189 | Lair:2   | Reached skill level 11 in Fighting
 21928 | Lair:3   | Noticed Nergalle
 21951 | Lair:3   | Killed Nergalle
 21952 | Lair:3   | Reached skill level 12 in Fighting
 22005 | Lair:3   | Reached XP level 14. HP: 98/103 MP: 17/17
 22011 | Lair:3   | Identified the ring of Fafoz {rF+ rC+++ MP+9 Dex-4 Stlth-}
 22626 | Lair:3   | Reached skill level 13 in Fighting
 23207 | Lair:4   | Found a staircase to the Snake Pit.
 24256 | Lair:4   | Reached skill level 14 in Fighting
 24272 | Lair:4   | Reached skill level 1 in Spellcasting
 24480 | Lair:4   | Found a staircase to the Swamp.
 24655 | Lair:4   | Identified the +6 war axe of Pihug {vorpal, +Rage rElec}
                  | (Okawaru gifted it to you on level 4 of the Lair of Beasts)
 24655 | Lair:4   | Received a gift from Okawaru
 26684 | Lair:5   | You fall into a shaft and drop 1 floor!
 26684 | Lair:6   | Entered Level 6 of the Lair of Beasts
 26691 | Lair:6   | Noticed Kirke
 27140 | Lair:6   | Killed Kirke
 27377 | Lair:6   | Reached XP level 15. HP: 88/114 MP: 15/21
 27706 | Lair:6   | HP: 4/114 [blink frog (11)]
 28104 | Lair:6   | Identified the +8 war axe of Dishonesty {elec, Fly rPois
                  | Int-4} (Okawaru gifted it to you on level 6 of the Lair of
                  | Beasts)
 28104 | Lair:6   | Received a gift from Okawaru
 28116 | Lair:6   | Reached skill level 15 in Fighting
 28771 | Lair:6   | Found a viscous altar of Jiyva.
 28775 | Lair:6   | Found a staircase to the Slime Pits.
 30652 | D:10     | Found an ornate altar of the Wu Jian Council.
 31641 | D:6      | Killed anet's ghost
 31641 | D:6      | Received a gift from Okawaru
 31734 | D:7      | Killed celly00's ghost
 31735 | D:7      | Reached skill level 16 in Fighting
 32185 | D:14     | Identified the ring "Tiuxt" {rPois rC+ Int+4}
 33057 | D:14     | Reached XP level 16. HP: 84/125 MP: 20/22
 33246 | D:14     | Noticed Nessos
 33248 | D:14     | Noticed Nessos
 33248 | D:14     | Nessos changed into Nessos the manticore
 33304 | D:14     | Killed Nessos the manticore
 33310 | D:14     | Found a gate to the Vaults.
 33312 | D:14     | Noticed Urug
 33351 | D:14     | Killed Urug
 33702 | D:14     | Reached skill level 17 in Fighting
 33809 | D:14     | Received a gift from Okawaru
 34067 | D:14     | Identified the +1 robe of New Discoveries {*Corrode rElec
                  | Int+2}
 34212 | D:15     | Entered Level 15 of the Dungeon
 35332 | D:15     | Found a staircase to the Depths.
 35715 | D:15     | Found Wiexzuz's Assorted Antiques.
 35723 | D:15     | Bought a runed golden ring for 205 gold pieces
 35723 | D:15     | Bought a wand of charming (11) for 82 gold pieces
 35723 | D:15     | Bought a scroll of teleportation for 123 gold pieces
 35723 | D:15     | Bought a shiny kite shield for 307 gold pieces
 35776 | D:15     | Received a gift from Okawaru
 36305 | Orc:1    | Entered Level 1 of the Orcish Mines
 36871 | Orc:2    | Entered Level 2 of the Orcish Mines
 36913 | Orc:2    | Found a dark tunnel.
 36918 | Volcano  | Entered a volcano
 36956 | Volcano  | Found a radiant altar of Vehumet.
 37149 | Orc:2    | Found a staircase to the Elven Halls.
 37337 | Orc:2    | Found Xifi Boj's Book Shop.
 37338 | Orc:2    | Found Tasail's Magic Scroll Shoppe.
 37338 | Orc:2    | Found Loex's Magic Scroll Shop.
 37338 | Orc:2    | Found Yxolaisa's Armour Emporium.
 37343 | Orc:2    | Received a gift from Okawaru
 37344 | Orc:2    | Reached skill level 18 in Fighting
 37360 | Orc:2    | Reached XP level 17. HP: 126/135 MP: 23/23
 37590 | Orc:2    | Bought a scroll of teleportation for 45 gold pieces
 37590 | Orc:2    | Bought a scroll of fear for 52 gold pieces
 37590 | Orc:2    | Bought a scroll of fog for 30 gold pieces
 37590 | Orc:2    | Bought a scroll of enchant armour for 112 gold pieces
 37593 | Orc:2    | Bought a scroll of blinking for 75 gold pieces
 37594 | Orc:2    | Bought a scroll of enchant armour for 75 gold pieces
 37594 | Orc:2    | Bought a scroll of teleportation for 30 gold pieces
 37952 | Orc:2    | Learned a level 2 spell: Passwall
 37958 | Orc:2    | Learned a level 5 spell: Lee's Rapid Deconstruction
 37980 | Elf:1    | Entered Level 1 of the Elven Halls
 38003 | Elf:1    | Reached skill level 1 in Transmutations
 38003 | Elf:1    | Reached skill level 1 in Earth Magic
 38547 | Elf:1    | Noticed Aizul
 38560 | Elf:1    | Killed Aizul
 39247 | Elf:1    | Received a gift from Okawaru
 39676 | Elf:2    | Reached skill level 5 in Spellcasting
 39775 | Elf:2    | Reached skill level 5 in Transmutations
 39776 | Elf:2    | Reached skill level 5 in Earth Magic
 39785 | Elf:2    | Reached ****** piety under Okawaru
 39793 | Elf:2    | Received a gift from Okawaru
 40305 | Elf:2    | Found Xeschi Near's Weapon Emporium.
 40548 | Elf:2    | Found a runed translucent gate.
 40548 | Elf:2    | Found a runed translucent gate.
 40559 | Elf:2    | Found a runed translucent gate.
 40577 | Elf:2    | Learned a level 2 spell: Blink
 40617 | Elf:3    | Entered Level 3 of the Elven Halls
 40634 | Elf:3    | Found Givipn's Assorted Antiques.
 40650 | Elf:3    | Bought a scroll of enchant armour for 195 gold pieces
 40650 | Elf:3    | Bought a potion of invisibility for 208 gold pieces
 40650 | Elf:3    | Bought a scroll of fear for 91 gold pieces
 40669 | Elf:3    | Found a magical portal.
 40681 | WizLab   | Entered Lehudib's Moon Base
 40729 | WizLab   | Reached XP level 18. HP: 118/143 MP: 26/26
 40811 | WizLab   | Found a transporter.
 40815 | WizLab   | Found the +13 scythe of Curses {drain, Drain}
 40873 | WizLab   | Reached skill level 1 in Translocations
 41020 | WizLab   | Reached skill level 19 in Fighting
 41152 | WizLab   | Gained mutation: You are weak. (Str -2) [a cacodemon]
 41444 | WizLab   | Found a transporter.
 41737 | WizLab   | Gained mutation: Your magical capacity is low. (-10% MP) [a
                  | neqoxec]
 41743 | WizLab   | Paralysed by a great orb of eyes for 4 turns
 41984 | WizLab   | Received a gift from Okawaru
 42470 | WizLab   | Identified the +6 mace of Ragnarok {elec, rF+ Str+2}
 42476 | WizLab   | Identified the +10 hand crossbow "Grim" {elec, Will+ Int+3
                  | Dex+3 Stlth+}
 42995 | WizLab   | Noticed a quicksilver dragon
 43593 | WizLab   | Noticed a moon troll
 43798 | WizLab   | Killed a moon troll
 43809 | WizLab   | Identified the ring "Uriudghy" {rN+ Will- MP+9 Str+6 Int+3}
 44338 | Elf:3    | Found a radiant altar of Vehumet.
 44510 | Elf:3    | Reached XP level 19. HP: 62/143 MP: 9/25
 44516 | Elf:3    | Reached skill level 10 in Transmutations
 44540 | Elf:3    | Reached skill level 10 in Earth Magic
 44746 | Elf:3    | Identified the +2 glaive "Beetleslayer" {drain, rPois Will-
                  | Int+5 SInv}
 45111 | Orc:2    | Bought a book of Transfigurations for 660 gold pieces
 45113 | Orc:2    | Learned a level 1 spell: Sting
 45198 | Elf:2    | Learned a level 6 spell: Statue Form
 45241 | Elf:3    | Received a gift from Okawaru
 45347 | Elf:3    | Identified the amulet "Fiseax" {Spirit rF+ Will+ Dex+4}
 45644 | Elf:3    | Identified the +6 spear "Saosk" {drain, *Slow rF+ rC+
                  | Int+5}
 45709 | Elf:3    | Identified the +8 hand axe "Qataiqou" {drain, +Rage}
 45711 | Elf:3    | Identified the +5 battleaxe of False Accusations {freeze,
                  | +Blink Fly rN+ Will+}
 45741 | Elf:3    | Identified the +6 arbalest "Orb Guardian's Regret" {vorpal,
                  | Stlth+}
 45785 | Elf:3    | Identified the +2 arbalest of the Thieving Oracle {flame,
                  | Will+}
 46543 | Swamp:1  | Entered Level 1 of the Swamp
 47704 | Swamp:2  | Noticed Donald
 47715 | Swamp:2  | Killed Donald
 48123 | Swamp:3  | Received a gift from Okawaru
 48705 | Swamp:4  | Entered Level 4 of the Swamp
 48737 | Swamp:4  | Noticed Roxanne
 48753 | Swamp:4  | Killed Roxanne
 48754 | Swamp:4  | Reached XP level 20. HP: 156/156 MP: 22/28
 48884 | Swamp:4  | Received a gift from Okawaru
 49171 | Swamp:4  | Reached skill level 20 in Fighting
 49217 | Swamp:4  | Identified the +6 whip "Pituza" {flame, rF- rCorr Dex+3}
 49247 | Swamp:4  | Got a decaying rune of Zot
 49480 | Snake:1  | Entered Level 1 of the Snake Pit
 49651 | Snake:1  | Found the +7 captain's cutlass {speed, disarm}
 49775 | Snake:1  | Identified the +3 kite shield of Ogoejuesh {Str+2 Stlth+}
                  | (Okawaru gifted it to you on level 1 of the Snake Pit)
 49775 | Snake:1  | Received a gift from Okawaru
 50518 | Snake:1  | Identified the +11 short sword of Gluttony {elec, rElec rN+
                  | Int+3 Dex+2}
 50710 | Snake:2  | You fall into a shaft and drop 1 floor!
 51415 | Snake:3  | Found Xih Ech's Distillery.
 51485 | Snake:3  | Found Kuwygoi's Book Boutique.
 51485 | Snake:3  | Found Rivu's Weapon Shop.
 51488 | Snake:3  | Found Suemuo Waall's General Store.
 51490 | Snake:3  | Bought a potion of haste for 150 gold pieces
 51490 | Snake:3  | Bought a potion of ambrosia for 120 gold pieces
 51490 | Snake:3  | Bought a potion of cancellation for 120 gold pieces
 51490 | Snake:3  | Bought 2 potions of might for 120 gold pieces
 51490 | Snake:3  | Bought a potion of heal wounds for 75 gold pieces
 51490 | Snake:3  | Bought a potion of curing for 45 gold pieces
 51490 | Snake:3  | Bought a potion of heal wounds for 75 gold pieces
 51490 | Snake:3  | Bought a potion of cancellation for 120 gold pieces
 51490 | Snake:3  | Bought a potion of haste for 150 gold pieces
 52016 | Snake:4  | Entered Level 4 of the Snake Pit
 52298 | Snake:4  | Reached skill level 21 in Fighting
 52500 | Snake:4  | Reached XP level 21. HP: 139/168 MP: 29/29
 52649 | Snake:4  | Identified the +0 buckler "Puamm" {Drain rPois rCorr
                  | Slay+6} (Okawaru gifted it to you on level 4 of the Snake
                  | Pit)
 52649 | Snake:4  | Received a gift from Okawaru
 53194 | Snake:4  | Got a serpentine rune of Zot
 53244 | Snake:4  | Reached skill level 22 in Fighting
 54741 | Snake:2  | Noticed Asterion
 54750 | Snake:2  | Killed Asterion
 55311 | Depths:1 | Entered Level 1 of the Depths
 55477 | Depths:1 | Found a transporter.
 55479 | Depths:1 | Found a radiant altar of Vehumet.
 55536 | Depths:1 | Reached skill level 23 in Fighting
 56359 | Depths:1 | Found a gateway to Hell.
 56727 | Depths:1 | Gained mutation: You are occasionally teleported next to
                  | monsters. [a neqoxec]
 56728 | Depths:1 | Found a one-way gate leading to the halls of Pandemonium.
 56810 | Depths:1 | Reached XP level 22. HP: 164/180 MP: 30/30
 56810 | Depths:1 | Lost mutation: You are weak. (Str -2) [potion of mutation]
 56810 | Depths:1 | Gained mutation: You are clumsy. (Dex -2) [potion of
                  | mutation]
 56810 | Depths:1 | Gained mutation: You sometimes lose the ability to read
                  | scrolls when taking damage. [potion of mutation]
 56811 | Depths:1 | Lost mutation: You sometimes lose the ability to read
                  | scrolls when taking damage. [potion of mutation]
 56811 | Depths:1 | Lost mutation: Your magical capacity is low. (-10% MP)
                  | [potion of mutation]
 56811 | Depths:1 | Gained mutation: You are weak. (Str -2) [potion of
                  | mutation]
 56811 | Depths:1 | Gained mutation: Your mind is acute. (Int +2) [potion of
                  | mutation]
 56812 | Depths:1 | Lost mutation: Your mind is acute. (Int +2) [potion of
                  | mutation]
 56812 | Depths:1 | Lost mutation: You are clumsy. (Dex -2) [potion of
                  | mutation]
 56812 | Depths:1 | Lost mutation: You are occasionally teleported next to
                  | monsters. [potion of mutation]
 56812 | Depths:1 | Gained mutation: Your spells are a little easier to cast,
                  | but a little less powerful. [potion of mutation]
 57022 | Depths:1 | Identified the ring "Negobr Tita" {rN+ Will+ MP+9 Str+6}
 57082 | Depths:1 | Found a transporter.
 57392 | Depths:2 | Identified the +0 hat of Purpose {rElec rPois rN+} (Okawaru
                  | gifted it to you on level 2 of the Depths)
 57392 | Depths:2 | Received a gift from Okawaru
 57529 | Depths:2 | Reached skill level 24 in Fighting
 59134 | Depths:3 | Noticed a caustic shrike
 59474 | Depths:3 | Noticed the Enchantress
 59495 | Depths:3 | Killed the Enchantress
 59502 | Depths:3 | Reached skill level 25 in Fighting
 59673 | Depths:3 | Found a one-way gate to the infinite horrors of the Abyss.
 59701 | Depths:3 | Received a gift from Okawaru
 59873 | Depths:3 | Killed a caustic shrike
 60153 | Depths:3 | Reached XP level 23. HP: 191/191 MP: 35/35
 61483 | Depths:4 | Reached skill level 26 in Fighting
 61691 | Depths:4 | Found a shimmering altar of Xom.
 62040 | Depths:4 | Identified the +0 hat "Laboded" {Harm rN+ Str+2 Dex-5}
                  | (Okawaru gifted it to you on level 4 of the Depths)
 62040 | Depths:4 | Received a gift from Okawaru
 62151 | Depths:4 | Found a gateway to a ziggurat.
 63206 | Depths:4 | Identified the +0 pair of gloves of Kulio {rPois rF+ Will+
                  | Str+2}
 63349 | Depths:5 | Entered Level 5 of the Depths
 63827 | Depths:5 | Noticed a golden dragon
 63837 | Depths:5 | Killed a golden dragon
 63845 | Depths:5 | Found a gate to the Realm of Zot.
 63849 | Depths:5 | Reached skill level 27 in Fighting
 63855 | Depths:5 | Learned a level 5 spell: Irradiate
 64194 | Depths:5 | Reached skill level 1 in Conjurations
 64251 | Depths:5 | Reached XP level 24. HP: 204/204 MP: 35/35
 64251 | Depths:5 | Noticed a juggernaut
 64428 | Depths:5 | Noticed Frederick
 64434 | Depths:5 | Killed Frederick
 64434 | Depths:5 | Identified the +8 broad axe of Tenacity {holy, rC+ Will+
                  | Int+2} (Okawaru gifted it to you on level 5 of the Depths)
 64434 | Depths:5 | Received a gift from Okawaru
 65620 | Vaults:1 | Entered Level 1 of the Vaults
 66478 | Vaults:1 | Received a gift from Okawaru
 66522 | Vaults:1 | Reached skill level 10 in Evocations
 66938 | Vaults:1 | Reached skill level 5 in Conjurations
 67932 | Vaults:2 | Found a staircase to the Crypt.
 68070 | Vaults:2 | Reached XP level 25. HP: 210/210 MP: 35/35
 68353 | Vaults:2 | Received a gift from Okawaru
 68355 | Vaults:2 | Reached skill level 15 in Dodging
 69674 | Vaults:3 | You fall into a shaft and drop 1 floor!
 70071 | Vaults:4 | Noticed rayg00n's ghost (adept SpBr)
 70071 | Vaults:4 | Noticed Tetudagra's ghost (adept DgGl)
 70072 | Vaults:4 | Found a large runed translucent door.
 70072 | Vaults:4 | Found a large runed translucent door.
 70086 | Vaults:4 | Identified the +1 arbalest of Deformation {vorpal, Str+6}
 70186 | Vaults:4 | Received a gift from Okawaru
 70312 | Vaults:4 | Identified the +5 whip of Animal Spirits {vorpal, +Rage
                  | rC+}
 71273 | Vaults:3 | Reached skill level 15 in Evocations
 71453 | Vaults:3 | Reached XP level 26. HP: 217/217 MP: 35/35
 71489 | Vaults:3 | Found Leelueca's General Store.
 71496 | Vaults:3 | Bought a potion of ambrosia for 144 gold pieces
 71496 | Vaults:3 | Bought an amulet of regeneration for 540 gold pieces
 71737 | Vaults:3 | Received a gift from Okawaru
 71984 | Vaults:3 | Reached skill level 10 in Conjurations
 72449 | Vaults:5 | Entered Level 5 of the Vaults
 72467 | Vaults:5 | Received a gift from Okawaru
 72576 | Vaults:5 | Acquired the ring of Rery {rCorr Str+4 Int+4 Dex+2}
 72588 | Vaults:5 | Noticed Mennas
 72601 | Vaults:5 | Killed Mennas
 72752 | Vaults:5 | Noticed an ancient lich
 72760 | Vaults:5 | Killed an ancient lich
 72837 | Vaults:5 | Received a gift from Okawaru
 73095 | Vaults:5 | Reached XP level 27. HP: 224/224 MP: 35/35
 73244 | Vaults:5 | Identified the Collected Works on Supportive Translocation
 73427 | Vaults:5 | Received a gift from Okawaru
 73804 | Vaults:5 | Got a silver rune of Zot
 74336 | Vaults:3 | Bought a scroll of enchant armour for 135 gold pieces
 74654 | Zot:1    | Entered Level 1 of the Realm of Zot
 74747 | Zot:2    | Identified the +6 tower shield of Chimes {rPois}
 74857 | Zot:3    | Noticed an orb of fire
 74864 | Zot:3    | Gained mutation: You do not regenerate when monsters are
                  | visible. [an orb of fire]
 74868 | Zot:3    | Killed an orb of fire
 74868 | Zot:3    | Received a gift from Okawaru
 75028 | Zot:3    | Identified the +11 great sword of Callousness {antimagic,
                  | Str+3 Int+4}
 75126 | Zot:3    | Lost mutation: Your spells are a little easier to cast, but
                  | a little less powerful. [potion of mutation]
 75126 | Zot:3    | Gained mutation: You are partially covered in iridescent
                  | scales. (AC +2) [potion of mutation]
 75126 | Zot:3    | Gained mutation: You are very weak. (Str -4) [potion of
                  | mutation]
 75126 | Zot:3    | Gained mutation: You are clumsy. (Dex -2) [potion of
                  | mutation]
 75127 | Zot:3    | Lost mutation: You are clumsy. (Dex -2) [potion of
                  | mutation]
 75127 | Zot:3    | Lost mutation: You are very weak. (Str -4) [potion of
                  | mutation]
 75170 | Zot:3    | Lost mutation: You are weak. (Str -2) [potion of mutation]
 75170 | Zot:3    | Lost mutation: You are partially covered in iridescent
                  | scales. (AC +2) [potion of mutation]
 75170 | Zot:3    | Lost mutation: You do not regenerate when monsters are
                  | visible. [potion of mutation]
 75170 | Zot:3    | Gained mutation: You are covered in fur. (AC +1) [potion of
                  | mutation]
 75170 | Zot:3    | Gained mutation: You are partially covered in iridescent
                  | scales. (AC +2) [potion of mutation]
 75170 | Zot:3    | Gained mutation: You are covered in thick fur. (AC +2)
                  | [potion of mutation]
 75359 | Zot:5    | Entered Level 5 of the Realm of Zot
 75577 | Zot:5    | Found a huge runed gate.
 75577 | Zot:5    | Found a huge runed gate.
 75578 | Zot:5    | Found a huge runed gate.
 75581 | Zot:5    | Found a huge runed gate.
 75581 | Zot:5    | Found a huge runed gate.
 75582 | Zot:5    | Found a huge runed gate.
 75594 | Zot:5    | Found a huge runed gate.
 75594 | Zot:5    | Found a huge runed gate.
 75595 | Zot:5    | Found a huge runed gate.
 75702 | Zot:5    | Found a huge runed gate.
 75703 | Zot:5    | Found a huge runed gate.
 75704 | Zot:5    | Found a huge runed gate.
 75707 | Zot:5    | Found a huge runed gate.
 75708 | Zot:5    | Found a huge runed gate.
 75718 | Zot:5    | Found a huge runed gate.
 75718 | Zot:5    | Found a huge runed gate.
 75718 | Zot:5    | Found a huge runed gate.
 75721 | Zot:5    | Identified the -4 hat of the Nine Dreams {rPois rC- Regen+
                  | Str+3} (Okawaru gifted it to you on level 5 of the Realm of
                  | Zot)
 75721 | Zot:5    | Received a gift from Okawaru
 75741 | Zot:5    | Found a huge runed gate.
 75741 | Zot:5    | Found a huge runed gate.
 75742 | Zot:5    | Found a huge runed gate.
 75743 | Zot:5    | Found a huge runed gate.
 75750 | Zot:5    | Found a huge runed gate.
 75753 | Zot:5    | Found a huge runed gate.
 75813 | Zot:5    | Found a huge runed gate.
 75814 | Zot:5    | Found a huge runed gate.
 75816 | Zot:5    | Found a huge runed gate.
 75817 | Zot:5    | Found a huge runed gate.
 75818 | Zot:5    | Found a huge runed gate.
 75819 | Zot:5    | Found a huge runed gate.
 75896 | Zot:5    | Noticed an ancient lich
 76194 | Zot:5    | Noticed an orb of fire
 76203 | Zot:5    | Gained mutation: You are occasionally teleported next to
                  | monsters. [an orb of fire]
 76205 | Zot:5    | Killed an orb of fire
 76210 | Zot:5    | Noticed an ancient lich
 76210 | Zot:5    | Noticed an orb of fire
 76210 | Zot:5    | Noticed an orb of fire
 76210 | Zot:5    | Noticed an orb of fire
 76224 | Zot:5    | Killed an orb of fire
 76227 | Zot:5    | Killed an ancient lich
 76228 | Zot:5    | Noticed an ancient lich
 76229 | Zot:5    | Noticed an ancient lich
 76234 | Zot:5    | Killed an orb of fire
 76235 | Zot:5    | Noticed a dread lich
 76238 | Zot:5    | Killed an orb of fire
 76240 | Zot:5    | Killed an ancient lich
 76242 | Zot:5    | Killed an ancient lich
 76251 | Zot:5    | Killed a dread lich
 76256 | Zot:5    | Killed an ancient lich
 76272 | Zot:5    | Identified the +7 tower shield of Tenacity {Will++ Dex+3
                  | Stlth+} (Okawaru gifted it to you on level 5 of the Realm
                  | of Zot)
 76272 | Zot:5    | Received a gift from Okawaru
 76406 | Zot:5    | Lost mutation: You are partially covered in iridescent
                  | scales. (AC +2) [potion of mutation]
 76406 | Zot:5    | Lost mutation: You are occasionally teleported next to
                  | monsters. [potion of mutation]
 76406 | Zot:5    | Gained mutation: You passively map a small area around you.
                  | [potion of mutation]
 76406 | Zot:5    | Gained mutation: You are strong-willed. (Will+) [potion of
                  | mutation]
 76570 | Zot:5    | Got the Orb of Zot
 76586 | Zot:5    | Noticed Jaqoergh the pandemonium lord
 76681 | Zot:1    | Noticed Casez the pandemonium lord
 76687 | Zot:1    | Killed Casez the pandemonium lord
 77258 | D:$      | Escaped with the Orb!

Illustrated notes

Levels and vault maps discovered:
D:1:      dpeg_arrival_rooms_c, layout_loops_ring, basic_ecumenical_altar,
          hex_tiny
D:2:      layout_loops_cross, basic_altar
D:3:      cheibrodos_old_hovel, layout_rooms, uniq_jessica, uniq_natasha
D:4:      layout_basic, nicolae_overflow_hidden_temple
D:5:      layout_cave_pools, serial_shops, shop, kennysheep_generic_room_11,
          uniq_crazy_yiuf_cottage, uniq_eustachio
D:6:      layout_gridville, minmay_temple_entry_junction,
          ebering_ghost_reflecting_pool, lightli_orcish_oven, uniq_duvessa
D:7:      layout_gridville, zin_academy, grunt_dithmenos_smoke,
          lemuel_crystal_altar, biasface_ghost_orc_armoury,
          minmay_fire_ice_demons
D:8:      layout_loops_corners, grunt_tough_drop, uniq_psyche, uniq_grum
D:9:      layout_gridville, lemuel_tele_altar, erik_orc_1, enter_bailey_3,
          dk_vineyard_3, minmay_misc_feat_enclosed, uniq_maggie
D:10:     minmay_the_grid_net [minmay_the_grid_x, minmay_the_grid_eight,
          minmay_the_grid_minigrid_large, minmay_the_grid_paths,
          minmay_the_grid_fan, minmay_the_grid_prize_big_room],
          layout_irregular_city, old_standard_altar, nzn_wu_jian_contemplation
D:11:     layout_rooms, dpeg_lair_monsters
D:12:     layout_gridville, bh_circular_ruins
D:13:     layout_roguey
D:14:     layout_small_grid, david_vaults_3, serial_bayou_pond_b
D:15:     gammafunk_depths_entry_grave, layout_irregular_city, serial_shops,
          shop
Temple:   regret_index_temple_waves
Lair:1:   layout_regular_city, roderic_batcave
Lair:2:   layout_chaotic_city, infiniplex_staircase_pool
Lair:3:   lemuel_slime, layout_cave_shapes, uniq_nergalle
Lair:4:   layout_regular_city, nicolae_swamp_entry_splash_gauntlet,
          minmay_snake_entry_guardpost_large, grunt_megastairs_4
Lair:5:   layout_small_grid, serial_bayou_shore_b, minmay_lair_oklob_chamber
Lair:6:   grunt_lair_end_beastmaster, layout_hall_layers, slime_altar_1,
          nicolae_lair_yak_garden, serial_bayou_shore_a,
          infiniplex_staircase_pool_2, uniq_kirke
Swamp:1:  layout_basic_swamp, hangedman_swamp_ruin_hall
Swamp:2:  layout_basic_swamp, evilmike_swamp_ruin_house_2, swamp_pool4,
          uniq_donald
Swamp:3:  layout_falls_marsh, evilmike_swamp_ruin_house_3
Swamp:4:  swamp_basic_johnstein, layout_basic_swamp, uniq_roxanne
Snake:1:  layout_layer_cave
Snake:2:  layout_misc_corridors, special_room, uniq_asterion
Snake:3:  layout_cave_town, minmay_shoptagon
Snake:4:  snake_pit, layout_cave_town
Orc:1:    layout_caves
Orc:2:    st_orc_ogre_mass, layout_caves, nicolae_volcano_entry_s_turn,
          nicolae_orc_flooded_monolith
Elf:1:    elf_arrival_001, layout_loops_corners, hangedman_elf_disciples,
          uniq_aizul
Elf:2:    layout_geoelf_grid, serial_shops, nicolae_shop_behind_doors
Elf:3:    grunt_elf_hall_diamonds, layout_onion_city,
          infiniplex_enter_wizlab_glasses, serial_shops, shop, abandoned_shop,
          lemuel_statue_altar
Vaults:1: st_smaller_cells, hangedman_vaults_stretched_pinwheel,
          vaults_dpeg_cross, vaults_room_door_ring, hangedman_vaults_nails,
          nicolae_vaults_sealed_display, nicolae_vaults_little_ls,
          vaults_room_grunt_arrival_ludios, nicolae_vaults_rhombus_6,
          layout_vaults_omnigrid
Vaults:2: nicolae_vaults_arrows, minmay_crypt_entry_nasty_monster, v_misc_27,
          ontoclasm_vaults_chip, nicolae_vaults_alarming,
          nicolae_vaults_little_squares_3, hangedman_vaults_stream,
          ontoclasm_vaults_shuriken, nicolae_vaults_windows_and_doors_thing,
          v_misc_17, layout_vaults_maze_bifur
Vaults:3: hangedman_vaults_unwind, v_misc_15, v_alt_pattern_3, v_rooms_3,
          hangedman_vaults_variations, v_pattern_1, vaults_mumra_hexcomb,
          ontoclasm_vaults_idyll, v_rooms_5, nicolae_vaults_an_arrangement,
          vaults_room_door_ring, vaults_room_pool, layout_vaults_omnibox,
          serial_shops, nicolae_shop_competitors_out_of_business
Vaults:4: advil_vaults_ghost_guards, ontoclasm_vaults_gateway,
          vaults_standard_mumra_x, nicolae_vaults_back_hallway, v_pattern_5,
          ontoclasm_vaults_water_temple, nicolae_vaults_yaktaur_gun_rack,
          hangedman_vaults_capsules, ontoclasm_vaults_ligature,
          dpeg_vaults_monster_box, nicolae_vaults_mini_display_case,
          layout_vaults_chaotic_city
Vaults:5: uniq_mennas
Depths:1: gammafunk_sealed_library, layout_basic, hell_entry,
          minmay_strange_pillars, grunt_pan_entry_sceptre, onia_ninara_cookie
Depths:2: gammafunk_mikee_crab_dinner, layout_gridlike, serial_curves,
          eino_curves_01, eino_curves_02, grunt_hell_entry_dis_mu
Depths:3: minmay_containers, layout_basic, rand_demon_pan_entry_9, hell_entry,
          minmay_misc_feat_pillars, abyss_entry,
          infiniplex_staircase_pillars_3a, uniq_enchantress
Depths:4: minmay_spriggan_fort, layout_basic, enter_ziggurat_a,
          xom_teletrap_fun, abyss_entry, grunt_hell_horde,
          rand_demon_pan_entry_8, minmay_misc_feat_square
Depths:5: grunt_twist_and_shout, layout_basic, serial_bayou,
          serial_bayou_pond_c, serial_bayou_pond_e, serial_bayou_pond_d,
          serial_bayou_crossing, serial_bayou_pond_c, hell_entry,
          rand_demon_pan_entry_4, uniq_frederick
Zot:1:    layout_misc_corridors
Zot:2:    minmay_elemental_castle, layout_misc_corridors, zot_minivault_5
Zot:3:    layout_misc_corridors
Zot:4:    layout_gridlike, ebering_ghost_inner_flame
Zot:5:    layout_misc_corridors, door_vault

Skill      XL: |  1  2  3  4  5  6  7  8  9 10 11 12 13 14 15 16 17 18 19 20 21 22 23 24 25 26 27 |
---------------+----------------------------------------------------------------------------------+-----
Fighting       | 4 5 6 7 8 9 12 14 16 18 19 21 23 25 27 | 27.0
Dodging        | 3 4 5 6 7 10 12 13 14 16 17 20 | 20.3
Evocations     | 2 4 6 7 11 15 18 24 | 24.0
Invocations    | 5 6 7 9 |  9.0
Axes           | 9 10 11 13 14 | 14.0
Shields        | 6 9 10 | 10.0
Spellcasting   | 4 5 6 7 8 |  8.0
Transmutations | 6 9 12 13 | 13.0
Earth Magic    | 6 9 11 | 11.0
Translocations | 4 |  4.0
Conjurations   | 1 6 9 10 | 10.1
Short Blades   | |  2.4
Stealth        | |  6.6

Action                   |  1- 3 |  4- 6 |  7- 9 | 10-12 | 13-15 | 16-18 | 19-21 | 22-24 | 25-27 || total
-------------------------+-------+-------+-------+-------+-------+-------+-------+-------+-------++-------
Melee: Short sword       |     8 |       |     2 |       |       |       |       |       |       ||    10
       Constrict         |     5 |    56 |    41 |    43 |    90 |   137 |   127 |   134 |   145 ||   778
       Tentacles         |     5 |    28 |    36 |    56 |   246 |   225 |   232 |   291 |   291 ||  1410
       Club              |    12 |   150 |    17 |       |       |       |       |       |       ||   179
       Rapier            |       |       |   175 |     6 |       |       |       |       |       ||   181
       Punch             |       |       |     2 |     7 |    33 |    35 |    27 |    20 |    29 ||   153
       Broad axe         |       |       |       |   302 |   830 |    44 |   932 |  1005 |  1001 ||  4114
       War axe           |       |       |       |       |   189 |   858 |   132 |       |       ||  1179
Throw: Dart              |       |     1 |    12 |    19 |    17 |     1 |       |       |       ||    50
       Boomerang         |       |       |       |    12 |    16 |       |       |       |       ||    28
 Cast: Statue Form       |       |       |       |       |       |       |    80 |    75 |    67 ||   222
       Passwall          |       |       |       |       |       |       |       |       |     7 ||     7
       Irradiate         |       |       |       |       |       |       |       |       |     3 ||     3
Invok: Heroism           |       |       |     7 |    38 |    71 |    62 |    60 |    48 |    60 ||   346
       Finesse           |       |       |       |       |     1 |    11 |     1 |     2 |    10 ||    25
Evoke: Wand              |       |       |    18 |    22 |    17 |    18 |       |     1 |     3 ||    79
       Condenser vane    |       |       |       |     1 |       |       |       |       |     2 ||     3
       Tin of tremorston |       |       |       |     2 |     4 |     3 |       |       |       ||     9
       Box of beasts     |       |       |       |       |       |       |       |       |     1 ||     1
  Use: Scroll            |     1 |     1 |    10 |     8 |    10 |    16 |    13 |     3 |    13 ||    75
       Potion            |       |       |     2 |     6 |     4 |     7 |     2 |     3 |    12 ||    36
 Stab: Sleeping          |     2 |    27 |    12 |     9 |    25 |    19 |    18 |    16 |    15 ||   143
       Distracted        |       |     2 |       |     3 |     3 |     1 |     3 |     3 |       ||    15
       Invisible         |       |       |       |     3 |       |       |       |       |     2 ||     5
       Petrified         |       |       |       |       |     1 |       |       |       |       ||     1
       Paralysed         |       |       |       |       |       |     4 |       |       |       ||     4
       Confused          |       |       |       |       |       |       |     1 |       |       ||     1
Armor: Skin              |     1 |    11 |     5 |    22 |    67 |    34 |   369 |   304 |   276 ||  1089
Dodge: Dodged            |    15 |    80 |   133 |   264 |   481 |   270 |   847 |   714 |   880 ||  3684
Block: Kite shield       |       |       |       |   116 |   592 |   386 |  1524 |  1191 |  1152 ||  4961
       Reflection        |       |       |       |       |       |       |   132 |    34 |    50 ||   216

Table legend: (Time is in decaauts)
 A = Elapsed time spent in this place.
 B = Non-inter-level travel time spent in this place.
 C = Inter-level travel time spent in this place.
 D = Time resting spent in this place.
 E = Time spent auto-exploring this place.
 F = Levels seen in this place.
 G = Mean time per level.
                   A        B        C        D        E       F      G
               +--------+--------+--------+--------+--------+-----+--------+
         Total |  81074 |  77246 |   3828 |  15988 |  45890 |  53 | 1529.7 |
       Dungeon |  24827 |  23174 |   1653 |   4802 |  14943 |  15 | 1655.1 |
        Temple |    148 |    109 |     39 |      0 |    107 |   1 |  148.0 |
          Lair |  11328 |  10929 |    399 |   3194 |   6019 |   6 | 1888.0 |
         Swamp |   3453 |   3321 |    132 |    101 |   2448 |   4 |  863.2 |
     Snake Pit |   6532 |   6321 |    211 |    811 |   4219 |   4 | 1633.0 |
  Orcish Mines |   1517 |   1415 |    102 |    197 |    956 |   2 |  758.5 |
   Elven Halls |   4981 |   4759 |    222 |   1337 |   2372 |   3 | 1660.3 |
        Vaults |   9907 |   9564 |    343 |   1091 |   6225 |   5 | 1981.4 |
        Depths |  11818 |  11126 |    692 |   1509 |   7362 |   5 | 2363.6 |
           Zot |   2277 |   2245 |     32 |    911 |    333 |   5 |  455.4 |
        Bailey |    734 |    734 |      0 |    368 |    114 |   1 |  734.0 |
       Volcano |    191 |    191 |      0 |     19 |     30 |   1 |  191.0 |
        Wizlab |   3354 |   3354 |      0 |   1646 |    760 |   1 | 3354.0 |
               +--------+--------+--------+--------+--------+-----+--------+

Top non-repeatable levels by time:
  WizLab: 3354 daAuts
     D:8: 3238 daAuts
  Lair:6: 3016 daAuts
Depths:3: 2822 daAuts
 Snake:4: 2579 daAuts
     D:9: 2494 daAuts
Depths:5: 2387 daAuts
Vaults:1: 2368 daAuts
    D:14: 2357 daAuts
Depths:4: 2296 daAuts
   Elf:3: 2267 daAuts
Depths:1: 2251 daAuts
Vaults:5: 2115 daAuts
  Lair:5: 2078 daAuts
Depths:2: 2061 daAuts
